Map: Prüfung von Aiur LE

Players

Dystopia - Winner!

  • Race: Protoss Protoss
  • League: Master
  • Spawn Location: 11:00

lain

  • Race: Terran Terran
  • League: Master
  • Spawn Location: 5:00

VOD

Have the link to the VOD?

Description

Time

  • Played on: Sept. 29, 2017, 5:20 p.m.
  • Length: 15:23
Show
View Real Time Build Order
Export as new Build Order

Dystopia Protoss - Winner!

Build Orders: 1 Gate Expand, Oracle Opening 

Get SALT Encoding   

  12  0:01  Probe (Chrono Boost)  
  13  0:12  Probe (Chrono Boost)  
  14  0:18  Pylon  
  14  0:22  Probe (Chrono Boost)  
  15  0:36  Probe (Chrono Boost)  
  15  0:37  Gateway  
  15  0:42  Assimilator  
  16  0:47  Probe (Chrono Boost)  
  17  0:57  Probe (Chrono Boost)  
  18  1:08  Probe (Chrono Boost)  
  19  1:20  Nexus  
  19  1:23  Probe (Chrono Boost)  
  20  1:34  Cybernetics Core  
  20  1:38  Probe (Chrono Boost)  
  21  1:44  Assimilator  
  21  1:49  Probe (Chrono Boost)  
  22  1:55  Pylon  
  22  1:59  Probe (Chrono Boost)  
  23  2:11  Warp Gate  
  23  2:13  Probe, Adept (Chrono Boost)  
  26  2:25  Probe  
  27  2:32  Stargate  
  27  2:33  Probe  
  30  2:37  Probe, Adept (Chrono Boost)  
  30  2:43  Probe  
  31  2:49  Probe  
  33  2:54  Mothership Core  
  33  2:55  Pylon  
  35  3:03  Probe  
  35  3:14  Probe  
  35  3:15  Probe  
  35  3:18  Oracle (Chrono Boost)  
  40  3:24  Probe  
  41  3:30  Gateway  
  41  3:31  Probe  
  41  3:33  Gateway  
  42  3:35  Probe  
  41  3:44  Probe  
  42  3:52  Pylon  
  42  3:53  Oracle (Chrono Boost)  
  44  4:13  Probe  
  44  4:15  Probe  
  43  4:21  Pylon  
  43  4:27  Phoenix (Chrono Boost)  
  45  4:33  Pylon  
  45  4:34  Pylon  
  45  4:39  Stalker  
  47  4:51  Probe  
  48  4:53  Probe  
  48  4:56  Assimilator  
  48  4:58  Phoenix (Chrono Boost)  
  51  5:03  Probe  
  52  5:12  Pylon  
  52  5:20  Stalker  
  52  5:21  Probe, Adept x2  
  52  5:22  Twilight Council  
  52  5:23  Probe  
  52  5:24  Nexus, Forge  
  52  5:26  Pylon  
  58  5:32  Probe  
  58  5:35  Probe  
  60  5:37  Pylon  
  60  5:38  Pylon  
  60  5:39  Assimilator  
  60  5:43  Adept  
  60  5:49  Pylon  
  62  6:01  Probe, Adept x2  
  62  6:02  Probe  
  68  6:09  Charge (Chrono Boost)  
  66  6:17  Gateway, Protoss Ground Armor Level 1  
  66  6:18  Gateway  
  66  6:19  Sentry  
  66  6:24  Zealot x2  
  72  6:36  Gateway  
  72  6:39  Gateway  
  72  6:43  Zealot  
  72  6:45  Zealot x2  
  77  7:02  Probe  
  77  7:03  Probe x2  
  77  7:07  Zealot x3  
  86  7:17  Robotics Facility  
  86  7:18  Phoenix  
  85  7:25  Probe  
  85  7:26  Probe x2  
  88  7:31  Templar Archives  
  88  7:38  Pylon, Zealot x4  
  88  7:41  Zealot  
  96  7:45  Zealot  
  98  7:55  Probe x2  
  98  7:56  Probe  
  101  8:07  Zealot x2  
  101  8:08  Probe, Zealot x4  
  101  8:09  Warp Prism (Chrono Boost)  
  114  8:14  Probe  
  114  8:15  Probe  
  114  8:19  Protoss Ground Weapons Level 1 (Chrono Boost)  
  118  8:30  Phoenix  
  118  8:31  Probe  
  118  8:33  Probe x2  
  123  8:40  Assimilator  
  123  8:42  Observer  
  123  8:47  Probe  
  125  8:49  Assimilator  
  125  8:54  Pylon  
  125  8:57  Pylon x2  
  125  8:59  Pylon x2  
  125  9:12  Probe  
  122  9:23  Zealot x7  
  126  9:30  Immortal  
  116  9:41  Gateway  
  116  9:43  High Templar  
  116  9:44  High Templar, Gateway  
  116  9:45  High Templar x2  
  124  9:46  High Templar  
  124  9:47  Gateway  
  124  9:48  Zealot x2  
  124  9:49  Gateway, Archon x2  
  124  9:51  Gateway  
  109  10:13  Stalker x2  
  113  10:18  Zealot  
  113  10:19  Zealot x4  
  123  10:25  Robotics Bay, Immortal  
  119  10:29  Phoenix  
  119  10:33  Robotics Facility  
  122  10:37  Zealot  
  121  10:47  Zealot x3  
  120  10:53  Zealot x2  
  120  10:55  Probe  
  125  11:00  Probe  
  125  11:01  Probe  
  125  11:05  High Templar x4  
  133  11:14  Archon  
  133  11:15  Archon  
  129  11:21  Zealot x3  
  129  11:23  High Templar  
  135  11:33  Phoenix  
  135  11:37  Warp Prism  
  135  11:38  Colossus  
  145  11:48  Probe  
  145  11:49  Probe  
  145  11:50  Probe  
  148  11:56  High Templar x5  
  158  12:01  Archon x2  
  158  12:04  Zealot  
  158  12:05  Zealot  
  162  12:09  Archon  
  162  12:14  Zealot x2  
  158  12:34  Stalker x5  
  164  12:54  Phoenix  
  160  12:59  Stalker x3  
  128  13:38  Colossus (Chrono Boost), Extended Thermal Lance (Chrono Boost)  
  128  13:40  Colossus (Chrono Boost)  
  138  13:43  Stalker  
  140  13:52  Zealot  
  140  13:58  Zealot  
  140  13:59  Zealot  
  138  14:11  High Templar x3  
  144  14:17  Archon  
  144  14:40  Nexus  
  144  14:50  Mothership Core, Observer  
  147  15:04  Zealot  
  149  15:08  Pylon  
Show
View Real Time Build Order
Export as new Build Order

lain Terran 

Build Orders: 1/1/1, Cyclone Opening 

Get SALT Encoding   

  12  0:05  SCV  
  13  0:17  SCV  
  13  0:20  Supply Depot  
  14  0:30  Refinery  
  14  0:31  SCV  
  15  0:43  SCV  
  15  0:46  Barracks  
  16  0:56  SCV  
  17  1:09  SCV  
  18  1:21  SCV  
  19  1:33  Marine  
  19  1:35  Orbital Command  
  19  1:37  Refinery  
  19  1:38  Factory  
  20  1:44  Supply Depot  
  20  1:58  Barracks Reactor  
  20  2:00  SCV  
  21  2:13  SCV  
  22  2:24  Starport  
  22  2:37  Cyclone  
  22  2:39  Marine  
  26  2:44  Supply Depot  
  26  2:45  SCV  
  27  2:51  Cyclone  
  27  2:58  Marine  
  31  3:06  SCV  
  32  3:17  Medivac  
  34  3:22  SCV  
  34  3:23  Supply Depot  
  35  3:30  Cyclone  
  35  3:31  Marine  
  39  3:44  SCV  
  39  3:46  Supply Depot  
  40  4:05  Marine  
  38  4:24  Cyclone  
  35  4:25  Marine  
  35  4:26  Cyclone  
  35  4:27  Medivac  
  41  4:36  Command Center  
  41  4:39  SCV  
  41  4:52  SCV  
  42  4:54  Supply Depot  
  42  4:56  Engineering Bay  
  42  5:04  Cyclone x2  
  41  5:32  SCV  
  42  5:36  Cyclone  
  42  5:39  Missile Turret  
  42  5:41  Barracks  
  45  5:43  Barracks  
  45  5:47  SCV  
  41  6:07  SCV  
  41  6:09  Marine  
  44  6:12  Orbital Command  
  44  6:15  Medivac  
  45  6:21  Terran Infantry Weapons Level 1  
  45  6:22  SCV  
  46  6:30  Missile Turret, Barracks Tech Lab, Barracks Reactor  
  46  6:31  Barracks Reactor  
  46  6:34  SCV  
  47  6:40  SCV  
  47  6:46  SCV  
  49  6:58  Medivac  
  49  6:59  Marine  
  49  7:00  Stimpack  
  52  7:02  SCV x2  
  52  7:05  Supply Depot  
  54  7:18  Marine  
  54  7:19  Marine x4  
  56  7:29  SCV x2, Refinery  
  58  7:31  Refinery  
  58  7:39  Marine x2, Command Center  
  58  7:40  Marine x3, Barracks  
  58  7:41  SCV, Barracks  
  64  7:57  Marine x2  
  66  7:59  Marine  
  66  8:00  Marine x2  
  66  8:01  Medivac x2  
  70  8:06  Factory Reactor  
  70  8:11  SCV x2  
  66  8:28  Marine x3  
  66  8:29  Marine  
  66  8:30  Supply Depot x2  
  66  8:31  Barracks Tech Lab, Supply Depot x2  
  69  8:40  Barracks Tech Lab  
  69  8:43  Widow Mine, Marauder  
  72  8:56  Supply Depot  
  72  9:09  Command Center  
  67  9:22  Marine x3  
  67  9:23  Marine, Marauder x2  
  67  9:24  Widow Mine x2, Marauder  
  81  9:38  Supply Depot  
  81  9:39  Medivac x2  
  85  9:48  Missile Turret, Marine  
  85  9:49  Marine x3  
  85  9:50  Marauder x3  
  82  10:07  Marine x4  
  82  10:13  Combat Shields  
  84  10:17  Supply Depot  
  84  10:18  Marine x2, Supply Depot  
  84  10:19  Marine, Widow Mine  
  84  10:20  Liberator, Widow Mine  
  91  10:31  Marine x4  
  91  10:34  Supply Depot  
  97  10:55  Liberator  
  97  11:11  Marine x4  
  97  11:16  Terran Infantry Armor Level 1  
  95  11:43  Orbital Command  
  95  11:47  Marine x4  
  95  11:48  Marauder x3  
  95  11:50  Ghost Academy  
  103  12:19  Orbital Command  
  99  12:23  Liberator  
  99  12:28  Armory  
  99  12:36  Ghost x2  
  99  12:37  Ghost  
  101  12:50  Sensor Tower  
  87  13:24  Liberator x2  
  87  13:25  Marine x2  
  72  13:40  Marine x4  
  72  13:41  Marauder  
  81  13:58  Marauder  
  68  14:23  Orbital Command  
  68  14:42  Marine x4  
  68  14:43  Ghost  
  73  15:04  Marine x4  
Tags
 
Add a new tag
Caveats
  • Supply blocks, unpowered buildings, or Contaminate may cause inaccurate times.
  • Supply counts are checked every 10 seconds.